Map: Curious Minds LE

Players

Evolutionary - Winner!

  • Race: Zerg Zerg
  • Spawn Location: 11:00

Byte

  • Race: Terran Terran
  • League: Silver
  • Spawn Location: 5:00

VOD

Have the link to the VOD?

Description

Time

  • Played on: June 10, 2022, 6:05 p.m.
  • Length: 3:58
Show
View Real Time Build Order
Export as new Build Order

Evolutionary Zerg - Winner!

Build Orders: Pool Only 

Get SALT Encoding   

  12  0:00  Drone  
  13  0:09  Drone  
  13  0:13  Extractor  
  13  0:16  Drone  
  14  0:34  Spawning Pool  
  13  0:38  Drone  
  14  0:46  Overlord  
  14  1:24  Metabolic Boost  
  14  1:25  Zergling x2  
  15  1:26  Zergling x4  
  15  1:29  Queen  
  19  1:47  Zergling x2  
  19  1:52  Overlord  
  20  2:28  Zergling x6  
  22  3:00  Zergling x4  
Show
View Real Time Build Order
Export as new Build Order

Byte Terran 

Build Orders:  

Get SALT Encoding   

  12  0:00  SCV  
  13  0:12  SCV  
  14  0:24  SCV  
  15  0:30  Supply Depot  
  15  0:51  SCV  
  16  0:58  Barracks  
  16  1:07  Supply Depot  
  16  1:11  SCV  
  17  1:23  SCV  
  18  1:35  SCV  
  18  1:38  Refinery  
  19  1:47  SCV  
  19  1:50  Barracks  
  20  2:01  Barracks  
  20  2:03  SCV  
  21  2:15  Bunker  
  21  2:18  Marine  
  21  2:22  Barracks  
  21  2:24  SCV  
  22  2:36  Marine  
  23  2:38  Supply Depot  
  23  2:45  Orbital Command  
  23  2:50  Marine x2  
  24  2:54  Bunker  
  23  3:08  Marine  
  23  3:12  Marine x2  
  20  3:45  SCV  
Tags
 
League
Silver
Matchup
TvZ
Opening
Pool Only
Spawn Locations
Cross Positions
Add a new tag
Caveats
  • Supply blocks, unpowered buildings, or Contaminate may cause inaccurate times.
  • Supply counts are checked every 10 seconds.